 Dungeon Crawl Stone Soup version 0.30.0-17-ge0270778cf (webtiles) character file.

Game seed: 10889109176245261115

4611 Kenran the Cleaver (level 10, -10/80 HPs)
             Began as a Formicid Fighter on May 21, 2023.
             Was a Believer of Wu Jian.
             Killed from afar by a gargoyle (16 damage)
             ... with a stone arrow
             ... on level 7 of the Dungeon.
             The game lasted 00:11:34 (7198 turns).

Kenran the Cleaver (Formicid Fighter)               Turns: 7198, Time: 00:11:35

Health: -10/80     AC: 19    Str: 23    XL:     10   Next: 69%
Magic:  10/10      EV:  6    Int:  8    God:    Wu Jian [**....]
Gold:   385        SH:  5    Dex: 15    Spells: 9/9 levels left

rFire   . . .        a - +1 war axe
rCold   . . .        c - +0 buckler
rNeg    . . .        w - +0 plate armour
rPois   +            (helmet unavailable)
rElec   .            (no cloak)
rCorr   .            b - +0 pair of gloves
SInv    +            A - +0 pair of boots
Will    +....        m - amulet of the acrobat Stlth
                     o - +4 ring of protection
HPRegen 0.33/turn    y - ring of poison resistance
MPRegen 0.12/turn

%: acrobat
@: no status effects
A: permanent stasis, dig shafts and tunnels, antennae 3, four strong arms
a: Dig, Shaft Self, Renounce Religion, Wall Jump


You were on level 7 of the Dungeon.
You worshipped Wu Jian.
Wu Jian was pleased with you.
You visited 2 branches of the dungeon, and saw 8 of its levels.
You also visited: Ossuary.

You collected 385 gold pieces.

Inventory:

Hand Weapons
 a - a +1 war axe (weapon)
Missiles
 i - 2 throwing nets
Armour
 b - a +0 pair of gloves (worn)
 c - a +0 buckler (worn)
 w - a +0 plate armour (worn)
 A - a +0 pair of boots (worn)
Jewellery
 m - an amulet of the acrobat (around neck)
 o - a +4 ring of protection (left hand)
 t - a ring of protection from fire
 y - a ring of poison resistance (right hand)
Wands
 s - a wand of flame (26)
 z - a wand of charming (22)
Scrolls
 g - 2 scrolls of enchant weapon
 n - a scroll of immolation {!r}
 r - 2 scrolls of blinking {unknown}
 v - a scroll of identify {unknown}
 x - a scroll of fear {unknown}
 B - a scroll of poison
 F - a scroll of acquirement {unknown}
Potions
 d - 4 potions of brilliance
 e - 4 potions of degeneration {unknown}
 f - 7 potions of curing {unknown}
 h - 2 potions of resistance {unknown}
 j - 2 potions of ambrosia {unknown}
 k - 3 potions of flight
 l - 5 potions of heal wounds {unknown}
 p - a potion of cancellation {unknown}
 q - a potion of lignification {unknown}
 u - 5 potions of attraction {unknown}
 C - a potion of mutation {unknown}
 D - a potion of invisibility {unknown}
 E - a potion of magic {unknown}


   Skills:
 - Level 8.0 Fighting
 - Level 12.0 Axes
 + Level 5.7 Armour
 - Level 4.0 Shields
 - Level 5.0 Evocations


You had 9 spell levels left.
You didn't know any spells.
Your spell library contained the following spells:

 Spells                   Type           Power      Damage    Failure   Level
 Slow                     Hex            0%         N/A       100%        1
 Confusing Touch          Hex            0%         N/A       100%        3
 Ozocubu's Armour         Ice            0%         N/A       100%        3
 Vampiric Draining        Necr           0%         2d6       100%        3
 Metabolic Englaciation   Hex/Ice        0%         N/A       100%        5
 Simulacrum               Ice/Necr       0%         N/A       100%        6


Dungeon Overview and Level Annotations

Branches:
Dungeon (7/15)             Temple (1/1) D:5         Ossuary (visited)

Altars:
Ashenzari
Cheibriados
Elyvilon
Fedhas
Gozag
Hepliaklqana
Makhleb
Nemelex Xobeh
Okawaru
Qazlal
Ru
Trog
Uskayaw
Vehumet
Wu Jian
Xom
Yredelemnul
Zin
The Shining One

Shops:
D:6 =   D:7 [[

Annotations:
D:4 3 runed translucent doors, P0WERM0DE's ghost, weakling MeMo
D:5 3 runed translucent doors, ripuliukko's ghost, novice DEEE
D:6 1 runed translucent door, Crazy Yiuf


Innate Abilities, Weirdness & Mutations

You cannot be hasted, slowed, berserked, paralysed or teleported.
You can dig through walls and to a lower floor.
You have a pair of large antennae on your head. (SInv)
Your four strong arms can wield two-handed weapons with a shield.


Message History

The gargoyle hits you but does no damage.
You hit the gargoyle but do no damage.
The gargoyle is severely damaged.
The gargoyle hits you but does no damage.
You closely miss the gargoyle.
The gargoyle is severely damaged.
The gargoyle hits you with a +0 flail.
You hit the gargoyle but do no damage.
The gargoyle is severely damaged.
The gargoyle hits you with a +0 flail!
You hit the gargoyle but do no damage.
The gargoyle is severely damaged.
The gargoyle hits you with a +0 flail!!
You hit the gargoyle but do no damage.
The gargoyle is severely damaged.
The gargoyle barely misses you.
You hit the gargoyle but do no damage.
The gargoyle is severely damaged.
The gargoyle hits you but does no damage.
You hit the gargoyle but do no damage.
The gargoyle is severely damaged.
The gargoyle hurls a stone arrow at you.
The stone arrow hits you but does no damage.
You hit the gargoyle but do no damage.
The gargoyle is heavily damaged.
The gargoyle hurls a stone arrow at you.
The stone arrow hits you!
* * * LOW HITPOINT WARNING * * *
You hit the gargoyle but do no damage.
The gargoyle is heavily damaged.
You hit the gargoyle but do no damage.
The gargoyle is heavily damaged.
The gargoyle hurls a stone arrow at you.
The stone arrow hits you!!
* * * LOW HITPOINT WARNING * * *
You hit the gargoyle but do no damage.
The gargoyle is heavily damaged.
The gargoyle hurls a stone arrow at you.
The stone arrow hits you!
You die... ........... ≣.############ ♣♣♣♣...♣♣♣♣ ♣ ♣ ≣.# ♣.♣.♣ .♣. ≣.# ♣...♣ ♣.♣ ≣.## ####### .([.. ♣.♣ ≣..# #...... ≣≣≣≣≣≣≣

≣≣≣.≣≣≣..#####.#####
≣.♣.♣.≣.?...##.# {
♣≣♣9♣.♣≣.###....###
9.♣@♣.≣.# ####...# { {
♣≣♣.♣.♣≣.# #.#.#
≣.♣.♣.≣.# ###.## ≣≣
≣≣≣.≣≣≣.# #≈.≈# .♣♣♣♣♣
♣♣.♣♣≣.#######§.≈#
≣.♣♣.♣♣♣...♣≣.......#§§≈#
.♣
≣.♣.♣.......≣..######≈.≈#
♣..≣≣+≣≣..♣♣♣♣♣...♣≣.##
#≈.≈# ♣....)♣♣♣ ♣♣.♣♣≣.#
#≈.§#


You could see a gargoyle.

Vanquished Creatures
  Pikel (D:7)
  Sigmund (D:2)
  Eustachio (D:4)
  A steam dragon (D:7)
  Edmund (D:3)
  A water moccasin (D:6)
  Duvessa (D:7)
  2 black bears
  2 orc warriors (D:7)
  4 ice beasts
  4 sky beasts (D:7)
  A centaur (D:5)
  An ogre (D:6)
  2 lemures (D:7)
  A phantom (D:4)
  3 bullfrogs
  A kobold brigand (D:7)
  2 gnoll sergeants
  3 scorpions
  Dowan (D:7)
  9 killer bees
  An electric eel (D:7)
  6 hounds
  A jelly (D:6)
  2 orc priests (D:4)
  A gnoll bouda (D:5)
  3 iguanas
  Natasha (thrice) (D:4)
  3 orc wizards
  Ijyb (D:4)
  4 mummies
  20 gnolls
  7 adders
  A white imp (D:7)
  An adder zombie (Ossuary)
  4 worms
  3 dart slugs
  24 orcs
  4 bats (D:1)
  10 endoplasms
  3 giant cockroaches
  A gnoll zombie (Ossuary)
  5 goblins
  10 hobgoblins
  8 jackals
  4 quokkas
  8 ball pythons
  3 frilled lizards
  5 goblin zombies (Ossuary)
  2 hobgoblin zombies (Ossuary)
  3 kobolds
  3 kobold zombies (Ossuary)
  3 quokka zombies (Ossuary)
  5 rats
  3 rat zombies (Ossuary)
208 creatures vanquished.

Vanquished Creatures (others)
  A gnoll (D:7)
  An orc (D:7)
2 creatures vanquished.

Grand Total: 210 creatures vanquished

Notes
Turn   | Place    | Note
-------+----------+-------------------------------------------
     0 | D:1      | Kenran the Formicid Fighter began the quest for the Orb.
     0 | D:1      | Reached XP level 1. HP: 18/18 MP: 1/1
    67 | D:1      | Reached XP level 2. HP: 17/24 MP: 2/2
   119 | D:1      | Reached skill level 3 in Axes
   160 | D:1      | Reached XP level 3. HP: 24/29 MP: 3/3
   594 | D:2      | Found a white marble altar of Elyvilon.
   657 | D:2      | Noticed Sigmund
   665 | D:2      | Reached skill level 4 in Axes
   665 | D:2      | Reached XP level 4. HP: 35/35 MP: 4/4
   668 | D:2      | Killed Sigmund
   669 | D:2      | Reached skill level 5 in Axes
   669 | D:2      | Reached XP level 5. HP: 20/41 MP: 5/5
   669 | D:2      | Reached XP level 6. HP: 23/47 MP: 6/6
   807 | D:2      | Found a faded altar of an unknown god.
   855 | D:2      | Reached skill level 6 in Axes
  1936 | D:3      | Reached XP level 7. HP: 52/52 MP: 7/7
  2495 | D:3      | Reached skill level 7 in Axes
  2837 | D:4      | Noticed Edmund
  2852 | D:3      | Killed Edmund
  3080 | D:4      | Noticed Natasha
  3086 | D:4      | Reached skill level 8 in Axes
  3087 | D:4      | Killed Natasha
  3093 | D:4      | Noticed Ijyb
  3106 | D:4      | Killed Ijyb
  3196 | D:4      | Reached XP level 8. HP: 51/58 MP: 8/8
  3260 | D:4      | Noticed Eustachio
  3275 | D:4      | Killed Eustachio
  3276 | D:4      | Reached skill level 9 in Axes
  3550 | D:4      | Noticed Natasha
  3559 | D:4      | Killed Natasha
  3619 | D:4      | Found a runed translucent gate.
  3619 | D:4      | Found a runed translucent gate.
  3619 | D:4      | Found a runed translucent gate.
  3620 | D:4      | Noticed P0WERM0DE's ghost (weakling MeMo)
  3773 | D:4      | Found a hazy altar of Hepliaklqana.
  3811 | D:4      | Noticed Natasha
  3814 | D:4      | Killed Natasha
  4032 | D:5      | Entered Level 5 of the Dungeon
  4036 | D:5      | Found an opulent altar of Gozag.
  4100 | D:5      | Reached skill level 10 in Axes
  4155 | D:5      | Reached skill level 1 in Evocations
  4340 | D:5      | Found a staircase to the Ecumenical Temple.
  4377 | Temple   | Entered the Ecumenical Temple
  4443 | Temple   | Became a worshipper of the Wu Jian Council
  4492 | D:5      | Reached XP level 9. HP: 58/64 MP: 9/9
  4638 | D:5      | Found a runed translucent gate.
  4639 | D:5      | Found a runed translucent gate.
  4640 | D:5      | Found a runed translucent gate.
  4642 | D:5      | Noticed ripuliukko's ghost (novice DEEE)
  4706 | D:5      | Reached skill level 5 in Evocations
  5213 | D:6      | Reached skill level 11 in Axes
  5307 | D:6      | Found a runed translucent door.
  5308 | D:6      | Noticed Crazy Yiuf
  5679 | D:6      | Found Jifaq's Jewellery Shop.
  6169 | D:7      | Reached skill level 12 in Axes
  6190 | D:7      | Found Archell's Antique Armour Emporium.
  6192 | D:7      | Found Doyffoeg's Armour Boutique.
  6296 | D:7      | Reached XP level 10. HP: 54/73 MP: 10/10
  6352 | D:7      | Noticed Pikel
  6378 | D:7      | Reached * piety under Wu Jian
  6379 | D:7      | Reached skill level 5 in Fighting
  6433 | D:7      | Killed Pikel
  6615 | D:7      | Found a sand-covered staircase.
  6626 | Ossuary  | Entered an ossuary
  6759 | Ossuary  | Reached ** piety under Wu Jian
  6901 | D:7      | Noticed Duvessa
  6901 | D:7      | Noticed Dowan
  6911 | D:7      | Killed Duvessa
  6914 | D:7      | Killed Dowan
  6919 | D:7      | Reached skill level 5 in Armour
  7174 | D:7      | Noticed a gargoyle
  7198 | D:7      | Killed from afar by a gargoyle

Illustrated notes

Levels and vault maps discovered:
D:1:      dpeg_arrival_erosion, layout_rooms
D:2:      layout_basic, basic_altar, hellmonk_ecumenical_altar_slurped_away,
          amcnicky_mini_corridor_feature, uniq_sigmund
D:3:      minmay_door_path, layout_basic, chequers_serial_rivers_large_a,
          wad_floor_pattern_untrapped
D:4:      layout_basic, nicolae_hepliaklqana_hazy_memory,
          gammafunk_ghost_nasty_kobolds, uniq_eustachio, uniq_edmund,
          uniq_natasha, uniq_ijyb
D:5:      layout_gridville, grunt_gozag_statues, minmay_temple_entry_ruins,
          gammafunk_ghost_necromancy
D:6:      layout_basic, serial_shops, shop, uniq_crazy_yiuf_cottage
D:7:      nzn_winding_woodlands_medium [nzn_winding_woodlands_5x5_cross,
          nzn_winding_woodlands_5x15_concentric,
          nzn_winding_woodlands_5x5_perimeter,
          nzn_winding_woodlands_5x5_checkerboard,
          nzn_winding_woodlands_center_triple_pond,
          nzn_winding_woodlands_5x5_open_star,
          nzn_winding_woodlands_5x5_default, nzn_winding_woodlands_5x15_cabin,
          nzn_winding_woodlands_5x5_closed_star], layout_loops_ring,
          nicolae_ossuary_entry_giza, nicolae_wooded_promenade,
          amcnicky_mini_rare_corridor_liquid, uniq_pikel, uniq_duvessa
Temple:   nicolae_temple_bog_church

Skill      XL: |  1  2  3  4  5  6  7  8  9 10 |
---------------+-------------------------------+-----
Axes           | 3 4 5 6 8 10 12 | 12.0
Evocations     | 4 5 |  5.0
Fighting       | 4 8 |  8.0
Armour         | 5 |  5.7
Shields        | |  4.0

Action                     |  1- 3 |  4- 6 |  7- 9 | 10-12 || total
---------------------------+-------+-------+-------+-------++-------
  Melee: War axe           |    62 |   113 |   369 |   195 ||   739
Ability: Lunge             |       |       |     9 |    10 ||    19
         Whirlwind         |       |       |       |     2 ||     2
  Evoke: Wand              |       |       |       |     2 ||     2
    Use: Potion            |     1 |       |     1 |     2 ||     4
         Scroll            |       |     4 |     2 |       ||     6
 Armour: Scale mail        |    29 |    36 |    42 |       ||   107
         Plate armour      |       |       |   186 |    93 ||   279
  Dodge: Dodged            |    37 |    46 |   162 |    55 ||   300
  Block: Buckler           |    18 |    33 |    94 |    39 ||   184
